 Dungeon Crawl Stone Soup version 0.31-a0-222-gefeffbb62a (webtiles) character file.

Game seed: 3848306863181971726

10200 drugrobin the Impaler (level 11, 0/81 HPs)
             Began as a Demigod Delver on July 5, 2023.
             Slain by an unseen horror (10 damage)
             ... on level 10 of the Dungeon.
             The game lasted 00:40:13 (11369 turns).

drugrobin the Impaler (Demigod Delver)             Turns: 11369, Time: 00:40:14

Health: 0/81       AC:  5    Str: 23    XL:     11   Next: 11%
Magic:  16/16      EV: 11    Int: 16    God:
Gold:   568        SH:  0    Dex: 19    Spells: 9/13 levels left

rFire   + . .        a - +0 halberd
rCold   . . .        (shield currently unavailable)
rNeg    . . .        D - +0 ring mail {rF+}
rPois   .            (no helmet)
rElec   .            (no cloak)
rCorr   +            (no gloves)
SInv    .            (no boots)
Will    +....        h - amulet of regeneration
Stlth   ++           C - ring of resist corrosion
HPRegen 1.13/turn    x - +6 ring of strength
MPRegen 0.15/turn

%: no passive effects
@: no status effects
A: high MP 1, forlorn, divine attributes
a: no special abilities


You were on level 10 of the Dungeon.
You visited 1 branch of the dungeon, and saw 10 of its levels.

You collected 766 gold pieces.
You spent 198 gold pieces at shops.

Inventory:

Hand Weapons
 a - a +0 halberd (weapon)
 b - a +2 shortbow of flaming
 c - a +1 dagger of venom
Missiles
 q - 46 poisoned darts
 u - 2 atropa-tipped darts
 A - 6 javelins
 E - 6 silver javelins (quivered)
Armour
 D - a +0 ring mail of fire resistance (worn)
Magical Staves
 e - a staff of fire
Jewellery
 h - an amulet of regeneration (around neck)
 j - a ring of ice
 v - a +6 ring of dexterity
 x - a +6 ring of strength (right hand)
 C - a ring of resist corrosion (left hand)
 M - a +6 ring of intelligence
Wands
 g - a wand of digging (3)
 y - a wand of charming (15)
 H - a wand of light (7)
 J - a wand of roots (5)
Scrolls
 d - 2 scrolls of revelation
 k - a scroll of fog
 n - 4 scrolls of poison
 o - 3 scrolls of teleportation
 s - a scroll of enchant armour
 w - a scroll of enchant weapon
 B - a scroll of amnesia
 F - a scroll of blinking
 I - 2 scrolls of vulnerability
 K - a scroll of identify
Potions
 f - 2 potions of haste
 i - 2 potions of lignification
 l - a potion of brilliance
 m - a potion of might
 p - 2 potions of magic
 r - 3 potions of mutation
 t - 2 potions of curing
Miscellaneous
 G - a piece from Xom's chessboard (14/15)


   Skills:
 - Level 2.6 Fighting
 * Level 15.4 Polearms
 - Level 1.7 Dodging
 - Level 4.5 Stealth
 + Level 1.7 Spellcasting
 + Level 1.6 Fire Magic
 - Level 4.0 Evocations


You had 9 spell levels left.
You knew the following spells:

 Your Spells              Type           Power      Damage    Failure   Level
a - Flame Wave            Conj/Fire      4%         2d5       94%         4

Your spell library contained the following spells:

 Spells                   Type           Power      Damage    Failure   Level
 Freeze                   Ice            4%         1d3       34%         1
 Shock                    Conj/Air       4%         1d3       34%         1
 Lesser Beckoning         Tloc           2%         N/A       45%         2
 Inner Flame              Hex/Fire       4%         N/A       58%         3
 Ignite Poison            Fire/Tmut/Pois 3%         N/A       63%         3
 Frozen Ramparts          Ice            2%         1d1       71%         3
 Gell's Gravitas          Tloc           1%         N/A       71%         3
 Hailstorm                Conj/Ice       1%         3d3       71%         3
 Swiftness                Air            1%         N/A       71%         3
 Teleport Other           Tloc           1%         N/A       71%         3
 Sticky Flame             Conj/Fire      4%         2d3       94%         4
 Airstrike                Air            0%         2d(1-17)  98%         4
 Petrify                  Tmut/Erth      1%         N/A       98%         4
 Metabolic Englaciation   Hex/Ice        0%         N/A       100%        5
 Statue Form              Tmut/Erth      0%         N/A       100%        6
 Ignition                 Fire           3%         3d4       100%        8


Dungeon Overview and Level Annotations

Branches:
Dungeon (10/15)              Lair (0/5) D:8
 Temple: D:4-7          Orc: D:9-12

Shops:
D:1 :   D:2 [**!   D:4 *

Annotations:
D:4 Sigmund
D:9 Joseph


Innate Abilities, Weirdness & Mutations

You have an increased reservoir of magic. (+10% MP)
You shall have no god before yourself.
Your divine heritage dramatically boosts your attributes as you level up.


Message History

Your gargoyle hits the troll but does no damage.
The troll bites your gargoyle.
The troll completely misses your gargoyle.
The troll barely misses your gargoyle.
Your gargoyle hits the troll with a +0 flail!
The troll dies!
You swap places.
Something hits you but does no damage.
Deactivating autopickup; reactivate with Ctrl-A.
You swap places.
The gargoyle is no longer charmed.
The gargoyle hurls a stone arrow at you.
The stone arrow misses you.
You hit the gargoyle.
You destroy the gargoyle!
Something hits you! Something hits you but does no damage. Something hits you.
Something hits you! Something completely misses you. Something hits you!
Something hits you. Something hits you but does no damage.
You closely miss something. Something hits you. x2
You barely miss something. Something hits you.
You hit something. Something hits you but does no damage. Something hits you!
Aiming: Fastroot
Press: ? - help, Shift-Dir - straight line The roots erupt in riotous growth!
Roots grab something.
The grasping roots constrict something.
Something hits you!
Unknown command.
Reach: a) +0 halberd
Press: ? - help, Dir - move target You reach to attack!
You attack empty space.
Something hits you.
You hit something. Something hits you but does no damage.
You miss something. Something hits you. Something hits you!
* * * LOW HITPOINT WARNING * * *
You hit something but do no damage. Something hits you!
* * * LOW HITPOINT WARNING * * *
You barely miss something. Something hits you.
* * * LOW HITPOINT WARNING * * *
Something hits you!
You die...

###....#...#.#......
...##.).....
.......).#.#.##.##..#
#.)##### ..#.##.#...#....#
..# ##.......
...#.#.####.##..#
#)<###...
#......#..........# #....#
#.
#..######.#.#.#.......##.#
.... #.....##.>.### #.#
..## ####.######## #.. ..
#.....{@...# ...
#.#.#####.## ... # #. #
.... #. #. ##


There were no monsters in sight!

Vanquished Creatures
  A boulder beetle (D:8)
  2 two-headed ogres
  2 centaur warriors (D:8)
  A deep elf pyromancer (D:8)
  2 gargoyles (D:10)
  A slime creature (D:7)
  4 yaks (D:10)
  A wraith (D:7)
  5 wyverns
  3 steam dragons
  A vampire mosquito (D:8)
  An acid dragon (D:8)
  2 water moccasins
  2 orc warriors
  3 ice beasts
  3 sky beasts
  3 black bears
  An ogre (D:6)
  8 centaurs
  2 phantoms
  3 kobold brigands
  5 bullfrogs
  A gnoll sergeant (D:7)
  2 scorpions (D:6)
  3 wights
  A killer bee (D:8)
  3 howler monkeys
  A lava snake (D:9)
  4 orc priests
  2 hounds
  3 jellies
  A sleepcap (D:6)
  4 iguanas
  3 orc wizards
  8 gnolls
  5 adders
  5 shadow imps
  2 ufetubi
  A worm (D:8)
  20 orcs
  7 endoplasms
  A giant cockroach (D:3)
  5 goblins
  7 hobgoblins
  8 jackals
  6 quokkas
  6 ball pythons
  3 bats
  4 frilled lizards
  13 kobolds
  10 rats
195 creatures vanquished.

Vanquished Creatures (collateral kills)
  A troll (D:10)
  2 orcs (D:7)
3 creatures vanquished.

Vanquished Creatures (others)
  An orc warrior (D:7)
  An orc wizard (D:8)
2 creatures vanquished.

Grand Total: 200 creatures vanquished

Notes
Turn   | Place    | Note
-------+----------+-------------------------------------------
     0 | D:5      | drugrobin the Demigod Delver began the quest for the Orb.
     0 | D:5      | Reached XP level 1. HP: 18/18 MP: 3/3
    62 | D:5      | Noticed a jelly
    92 | D:4      | Noticed a hound
   167 | D:3      | Reached skill level 2 in Polearms
   270 | D:2      | Reached XP level 2. HP: 8/25 MP: 4/4
   425 | D:2      | Found Baklut's Distillery.
   439 | D:2      | Bought a potion of might for 44 gold pieces
   588 | D:2      | Reached skill level 3 in Polearms
   723 | D:2      | Found Muacuitt's General Store.
   741 | D:2      | Bought a scroll of teleportation for 42 gold pieces
   748 | D:2      | Found Fuezolau's Armour Shop.
   887 | D:2      | Found Patiuc's Assorted Antiques.
  1280 | D:1      | Reached XP level 3. HP: 30/30 MP: 5/5
  1301 | D:1      | Found Inkej's Book Emporium.
  2198 | D:3      | Reached skill level 4 in Polearms
  2576 | D:3      | Reached XP level 4. HP: 33/37 MP: 6/6
  3085 | D:2      | Bought a brass wand for 112 gold pieces
  3153 | D:4      | Found Yrchoabb's Elemental Accessories.
  3281 | D:3      | HP: 1/37 [gnoll/+0 flail (11)]
  3494 | D:4      | Reached XP level 5. HP: 42/42 MP: 7/7
  3574 | D:4      | Reached skill level 5 in Polearms
  3574 | D:4      | Reached skill level 1 in Evocations
  4068 | D:4      | Reached XP level 6. HP: 50/50 MP: 8/8
  4072 | D:4      | Noticed Sigmund
  4316 | D:5      | Reached skill level 6 in Polearms
  4479 | D:5      | Reached XP level 7. HP: 52/56 MP: 9/9
  5130 | D:6      | Reached skill level 7 in Polearms
  5630 | D:5      | Reached skill level 8 in Polearms
  5852 | D:6      | Reached XP level 8. HP: 54/62 MP: 10/10
  6290 | D:6      | Reached skill level 9 in Polearms
  6905 | D:7      | Reached skill level 10 in Polearms
  7492 | D:8      | Reached XP level 9. HP: 68/68 MP: 11/11
  7616 | D:8      | Reached skill level 11 in Polearms
  8151 | D:8      | Found a staircase to the Lair.
  8284 | D:8      | Reached skill level 12 in Polearms
  8685 | D:9      | Noticed a two-headed ogre
  8981 | D:8      | Noticed a centaur warrior
  8990 | D:8      | Killed a centaur warrior
  8991 | D:8      | Reached skill level 13 in Polearms
  9112 | D:8      | Reached XP level 10. HP: 63/74 MP: 13/13
  9233 | D:8      | Noticed a two-headed ogre
  9233 | D:8      | Noticed a deep elf pyromancer
  9467 | D:9      | Killed a two-headed ogre
  9544 | D:8      | Noticed a boulder beetle
  9582 | D:8      | Killed a boulder beetle
  9583 | D:8      | Reached skill level 14 in Polearms
  9693 | D:8      | Noticed a centaur warrior
  9707 | D:8      | Killed a centaur warrior
  9831 | D:8      | Killed a deep elf pyromancer
  9900 | D:8      | Killed a two-headed ogre
  9901 | D:8      | Reached skill level 15 in Polearms
 10494 | D:9      | Noticed Joseph
 11044 | D:9      | Learned a level 4 spell: Flame Wave
 11055 | D:10     | Entered Level 10 of the Dungeon
 11078 | D:10     | Reached XP level 11. HP: 68/81 MP: 15/15
 11080 | D:10     | Reached skill level 1 in Spellcasting
 11216 | D:10     | Reached skill level 1 in Fire Magic
 11369 | D:10     | Slain by an unseen horror

Illustrated notes

Levels and vault maps discovered:
D:1:      saegor_arrival_simple_d, layout_basic, serial_shops, shop,
          chequers_mini_garden, chequers_serial_rivers_room_b
D:2:      layout_basic, serial_shops, nicolae_shop_tiny_glass, shop, shop,
          nicolae_shop_tiny_waterfront, hellmonk_ecumenical_altar_crossroads
D:3:      layout_rooms, kennysheep_boxes
D:4:      layout_basic, temple_hall, nicolae_elemental_shop,
          chequers_serial_rivers_small_a, uniq_sigmund
D:5:      layout_loops_ring, nrook_campfire, minmay_misc_feat_diagonals
D:6:      layout_gridville
D:7:      layout_cave_pools, nicolae_elyvilon_temple_path,
          hellmonk_bongcloud_opening, st_stairs_3
D:8:      nzn_winding_woodlands_three_and_one
          [nzn_winding_woodlands_5x15_sidewinder,
          nzn_winding_woodlands_5x15_garden, nzn_winding_woodlands_5x15_cabin,
          nzn_winding_woodlands_center_pierced_h], layout_loops_ring,
          lair_entry_dummy, minmay_puff
D:9:      layout_basic, minivault_5, hangedman_decor_clover_reticule,
          minmay_misc_feat_secret_circle, minmay_misc_feat_x,
          nicolae_kite_square_tiling_tiny, minivault_11, uniq_joseph
D:10:     layout_basic, nicolae_overflow_hidden_temple

Skill      XL: |  1  2  3  4  5  6  7  8  9 10 11 |
---------------+----------------------------------+-----
Polearms       | 2 3 4 5 6 8 10 13 15 | 15.4
Evocations     | 1 3 4 |  4.0
Spellcasting   | 1 |  1.7
Fire Magic     | 1 |  1.6
Fighting       | |  2.6
Dodging        | |  1.7
Stealth        | |  4.5

Action                     |  1- 3 |  4- 6 |  7- 9 | 10-12 || total
---------------------------+-------+-------+-------+-------++-------
  Melee: Spear             |    93 |    18 |       |       ||   111
         Dagger            |    50 |    60 |    40 |     7 ||   157
         Punch             |     2 |     3 |     1 |     1 ||     7
         Halberd           |       |    45 |   193 |   126 ||   364
   Fire: Sling             |    33 |    28 |    54 |       ||   115
         Shortbow          |       |       |    12 |    15 ||    27
  Throw: Dart              |       |     1 |     6 |     5 ||    12
         Javelin           |       |     2 |    20 |     2 ||    24
         Throwing net      |       |       |     2 |     3 ||     5
  Evoke: Wand              |       |       |    12 |     7 ||    19
         Piece from Xom's  |       |       |     1 |     4 ||     5
    Use: Scroll            |     2 |     1 |    11 |     1 ||    15
   Stab: Sleeping          |    11 |     3 |     5 |     2 ||    21
         Distracted        |       |     2 |     2 |     1 ||     5
         Held in net/web   |       |       |       |     4 ||     4
         Invisible         |       |       |       |     4 ||     4
         Confused          |       |       |       |     1 ||     1
 Armour: Leather armour    |    26 |    22 |     6 |       ||    54
         Ring mail         |       |       |    38 |    23 ||    61
  Dodge: Dodged            |    81 |    66 |   112 |    41 ||   300

Table legend: (Time is in decaauts)
 A = Elapsed time spent in this place.
 B = Non-inter-level travel time spent in this place.
 C = Inter-level travel time spent in this place.
 D = Time resting spent in this place.
 E = Time spent auto-exploring this place.
 F = Levels seen in this place.
 G = Mean time per level.
                   A        B        C        D        E       F      G
               +--------+--------+--------+--------+--------+-----+--------+
         Total |  11396 |  10939 |    457 |   1742 |   6067 |  10 | 1139.6 |
       Dungeon |  11396 |  10939 |    457 |   1742 |   6067 |  10 | 1139.6 |
               +--------+--------+--------+--------+--------+-----+--------+

Top non-repeatable levels by time:
     D:8: 1986 daAuts
     D:6: 1422 daAuts
     D:9: 1325 daAuts
     D:2: 1277 daAuts
     D:7: 1236 daAuts
     D:3: 1056 daAuts
     D:5: 1001 daAuts
     D:1: 907 daAuts
     D:4: 879 daAuts
    D:10: 302 daAuts
